 Dungeon Crawl Stone Soup version 0.26-a0-1205-g4083c211ab (webtiles) character file.

Game seed: 15047013214140090390

7 CurlyBrace the Sneak (level 1, 10/10 HPs)
             Began as a Felid Delver on Dec 29, 2020.
             Quit the game on level 5 of the Dungeon.
             The game lasted 00:00:25 (29 turns).

CurlyBrace the Sneak (Felid Delver)                   Turns: 29, Time: 00:00:26

Health: 10/10      AC:  1    Str:  8    XL:     1   Next: 83%
Magic:  2/2        EV: 18    Int: 11    God:
Gold:   0          SH:  0    Dex: 17    Spells: 0/0 levels left
                                        Lives:  0   Deaths: 0

rFire    . . .     SeeInvis +     - Unarmed
rCold    . . .     Faith    .   (shield unavailable)
rNeg     . . .     Spirit   .   (armour unavailable)
rPois    .         Reflect  .   (helmet unavailable)
rElec    .         Harm     .   (cloak unavailable)
rCorr    .         Rampage  .   (gloves unavailable)
Will     .....                  (boots unavailable)
Stlth    ++++......             (no amulet)
HPRegen  0.03/turn              (no ring)
MPRegen  0.08/turn              (no ring)

@: attractive, quick
A: very small, no armour, no weapons or thrown items, stealth, claws 1, fangs 3,
see invisible, speed 1, shaggy fur 1, sharp paws
a: no special abilities


You were on level 5 of the Dungeon.
You visited 1 branch of the dungeon, and saw 2 of its levels.

Inventory:

Wands
 v - a wand of digging (3)
Scrolls
 a - a scroll of fog
 c - a scroll of fear
Potions
 h - a potion of haste


   Skills:
 - Level 3.0 Fighting
 + Level 2.9 Dodging
 + Level 6.7 Stealth
 * Level 2.3 Unarmed Combat


You couldn't memorise any spells.
You didn't know any spells.
Your spell library was empty.

Dungeon Overview and Level Annotations

Branches:
Dungeon (6/15)
 Temple: D:4-7

Altars:

Shops:
D:5 *


Innate Abilities, Weirdness & Mutations

You cannot wear armour.
You are incapable of wielding weapons or throwing items.
Your paws allow you to move quietly. (Stealth)
You have sharp claws.
You have razor-sharp teeth.
You have supernaturally acute eyesight. (SInv)
You cover ground quickly.
You are covered in fur. (AC +1)
Your sharp claws are effective at attacking unaware monsters.


Message History

Found 21 gold pieces.
There is a stone staircase leading down here.
You climb downwards.
There is a stone staircase leading up here.
There is a stone staircase leading up here.
You climb upwards.
There is a stone staircase leading down here.
Found an emerald potion.
Found Ezunash's General Store.
Found a whip.
Found a fizzy green potion.
b - an emerald potion
There are no items here.
There is an entrance to Ezunash's General Store here.
You can access your shopping list by pressing '$'.
d - a fizzy green potion
Okay, then.
It was a potion of attraction.
You feel attractive to monsters.
It was a potion of heal wounds.
You feel much better.
Are you sure you want to abandon this character and quit the game? (Confirm with "yes".)

,,,,,,,,,,* ****,*,* *,≈≈≈≈*,,
,,,,,,,,,,* *,*,* *,≈≈≈≈<*_
,,,,,,,,,.****** *,*,* *,≈≈≈≈,,,
,,,,,,,,,....,,****,*,* *,,≈≈≈≈*,
,,,,,,,,,....,,+,,,,*,* **,≈≈≈≈≈≈
,,,,,,,,,.....,######,* *,,≈≈≈≈≈
,,,,,,,,,......#....#,* **,,≈≈≈≈
****+****#.....#....#,* *,,,,≈≈
*,*,,,.......@...+,* *,*,,,,
****,*,**#######....######*,,,*,,
,,,*,*,*,,,#..............,,,,,,,
**,*,*,**,,#######.########******
,,,*,*,*,,,#......∩..##...,,,,,,,
****,*,*,,,......#.#..#.#######**
*,*,,,,*#.#.................,*
*,*,,,,,*,#.####.#.#.######*,*
*,*,***,*,#.,,.).#.#># *,,


There were no monsters in sight!

Vanquished Creatures
  A white imp (D:6)
1 creature vanquished.

Notes
Turn   | Place    | Note
-------+----------+-------------------------------------------
     0 | D:5      | CurlyBrace the Felid Delver began the quest for the Orb.
     0 | D:5      | Reached XP level 1. HP: 10/10 MP: 2/2
    14 | D:5      | Found Ezunash's General Store.
    29 | D:5      | Quit the game

Illustrated notes

Levels and vault maps discovered:
D:5:      layout_basic, basic_altar, serial_shops, nicolae_shop_crystal,
          fedhas_ov_isle_minmay, uniq_duvessa, uniq_ijyb, uniq_pikel
D:6:      layout_loops_ring, lemuel_temple_firewalk_a

Action                   || total
-------------------------++-------
Melee: Unarmed           ||     1
  Use: Potion            ||     2
       Scroll            ||     1
 Stab: Sleeping          ||     1

Table legend: (Time is in decaauts)
 A = Elapsed time spent in this place.
 B = Non-inter-level travel time spent in this place.
 C = Inter-level travel time spent in this place.
 D = Time resting spent in this place.
 E = Time spent auto-exploring this place.
 F = Levels seen in this place.
 G = Mean time per level.
                   A        B        C        D        E       F      G
               +--------+--------+--------+--------+--------+-----+--------+
         Total |     27 |     27 |      0 |      0 |      0 |   2 |   13.5 |
       Dungeon |     27 |     27 |      0 |      0 |      0 |   2 |   13.5 |
               +--------+--------+--------+--------+--------+-----+--------+

Top non-repeatable levels by time:
     D:5: 18 daAuts
     D:6: 8 daAuts
